 Dungeon Crawl Stone Soup version 0.29-a0-721-g7f417c9bbb (webtiles) character file.

Game seed: 18376582808274160799

32 dolemite99 the Shooter (level 3, 0/30 HPs)
             Began as a Hill Orc Hunter on June 27, 2022.
             Slain by a scorpion (3 damage)
             ... on level 2 of the Dungeon.
             The game lasted 00:00:56 (696 turns).

dolemite99 the Shooter (Hill Orc Hunter)             Turns: 696, Time: 00:00:57

Health: 0/30       AC:  3    Str: 13    XL:     3   Next: 27%
Magic:  3/3        EV: 11    Int:  9    God:
Gold:   31         SH:  0    Dex: 16    Spells: 2/2 levels left

rFire   . . .      SeeInvis .   a - +0 shortbow
rCold   . . .      Faith    .   (shield currently unavailable)
rNeg    . . .      Spirit   .   c - +0 leather armour
rPois   .          Reflect  .   (no helmet)
rElec   .          Harm     .   (no cloak)
rCorr   .          Rampage  .   (no gloves)
Will    .....                   (no boots)
Stlth   +.........              (no amulet)
HPRegen 0.10/turn               (no ring)
MPRegen 0.08/turn               (no ring)

@: no status effects
A: no striking features
a: no special abilities


You were on level 2 of the Dungeon.
You visited 1 branch of the dungeon, and saw 2 of its levels.

You collected 31 gold pieces.

Inventory:

Hand Weapons
 a - a +0 shortbow (weapon)
Missiles
 j - 2 javelins
Armour
 c - a +0 leather armour (worn)
Scrolls
 b - a scroll of immolation
 d - a scroll of amnesia {unknown}
 g - a scroll of identify {unknown}
 m - a scroll of torment {unknown}
Potions
 e - a potion of haste {unknown}
 h - a potion of flight {unknown}
 i - 2 potions of cancellation {unknown}
 k - 2 potions of might {unknown}
 l - a potion of lignification {unknown}


   Skills:
 - Level 2.4 Fighting
 + Level 4.6 Ranged Weapons
 - Level 1.5 Dodging
 - Level 0.7 Stealth


You had 2 spell levels left.
You didn't know any spells.
Your spell library was empty.

Dungeon Overview and Level Annotations

Branches:
Dungeon (2/15)

Altars:


Message History

The scorpion is lightly wounded.
The scorpion stings you but does no damage.
Fire: a) +0 shortbow
Press: ? - help, Q - select action, (/) - cycle Shift-Dir - straight line, f/p - scorpion
Aim: a scorpion (lightly wounded, 63% to hit)
You shoot an arrow.
The arrow hits the scorpion but does no damage.
The scorpion is lightly wounded.
The scorpion barely misses you. x2
Fire: a) +0 shortbow
Press: ? - help, Q - select action, (/) - cycle Shift-Dir - straight line, f/p - scorpion
Aim: a scorpion (lightly wounded, 63% to hit)
You shoot an arrow. The arrow barely misses the scorpion.
The arrow hits the worm!
The worm is heavily wounded.
The scorpion closely misses you. The scorpion misses you.
Fire: a) +0 shortbow
Press: ? - help, Q - select action, (/) - cycle Shift-Dir - straight line, f/p - scorpion
Aim: a scorpion (lightly wounded, 63% to hit)
You shoot an arrow. The arrow barely misses the scorpion.
The arrow barely misses the worm.
The arrow hits the dart slug.
The dart slug is severely wounded.
The scorpion completely misses you.
Fire: a) +0 shortbow
Press: ? - help, Q - select action, (/) - cycle Shift-Dir - straight line, f/p - scorpion
Aim: a scorpion (lightly wounded, 63% to hit)
You shoot an arrow. The arrow closely misses the scorpion.
The arrow hits the worm!
The worm is severely wounded.
The scorpion barely misses you. The scorpion stings you.
* * * LOW HITPOINT WARNING * * *
Fire: a) +0 shortbow
Press: ? - help, Q - select action, (/) - cycle Shift-Dir - straight line, f/p - scorpion
Aim: a scorpion (lightly wounded, 63% to hit)
You shoot an arrow.
The arrow hits the scorpion but does no damage.
The scorpion is lightly wounded.
The scorpion stings you.
You die...

#.### .#.########
#..<#.# .........
#.###.#.#w......#
#.###.#.#.......#
#.#.... .......#
#.#.#.# .....(###
#.#.#.# #........
#.....#####.#
###....@sww.#
#.###..#####.##
#...........#.P.#
#......##..##.PP#
#########.#.....P.
#.#......P#
..#...P.P.#
###.......PP#
.....P.P.#


You could see a worm, a scorpion and a dart slug.

Vanquished Creatures
  2 dart slugs (D:1)
  2 endoplasms (D:1)
  2 goblins
  5 hobgoblins (D:1)
  A quokka (D:1)
  4 ball pythons (D:1)
  3 bats (D:1)
  3 kobolds (D:1)
  4 rats
26 creatures vanquished.

Notes
Turn   | Place    | Note
-------+----------+-------------------------------------------
     0 | D:1      | dolemite99 the Hill Orc Hunter began the quest for the Orb.
     0 | D:1      | Reached XP level 1. HP: 18/18 MP: 1/1
    45 | D:1      | Reached skill level 4 in Ranged Weapons
    45 | D:1      | Reached XP level 2. HP: 25/25 MP: 2/2
   450 | D:1      | Reached XP level 3. HP: 30/30 MP: 3/3
   678 | D:2      | Noticed a scorpion
   696 | D:2      | Slain by a scorpion

Illustrated notes

Levels and vault maps discovered:
D:1:      minmay_arrival_shattered_statue, layout_basic, st_stairs_6
D:2:      layout_basic, shapermc_ecumenical_altar_gd

Skill      XL: |  1 |
---------------+----+-----
Ranged Weapons | 4 |  4.6
Fighting       | |  2.4
Dodging        | |  1.5
Stealth        | |  0.7

Action                   || total
-------------------------++-------
 Fire: Shortbow          ||    83
  Use: Potion            ||     1
Armor: Leather armour    ||    13
Dodge: Dodged            ||    21

Table legend: (Time is in decaauts)
 A = Elapsed time spent in this place.
 B = Non-inter-level travel time spent in this place.
 C = Inter-level travel time spent in this place.
 D = Time resting spent in this place.
 E = Time spent auto-exploring this place.
 F = Levels seen in this place.
 G = Mean time per level.
                   A        B        C        D        E       F      G
               +--------+--------+--------+--------+--------+-----+--------+
         Total |    722 |    698 |     24 |      0 |    521 |   2 |  361.0 |
       Dungeon |    722 |    698 |     24 |      0 |    521 |   2 |  361.0 |
               +--------+--------+--------+--------+--------+-----+--------+

Top non-repeatable levels by time:
     D:1: 673 daAuts
     D:2: 49 daAuts
